TOP OF THE 1ST |
Virginia Cavaliers batting - Pitching for Tennessee Volunteers : RHP Brent Shirley
|
Pitching: RHP Brent Shirley
|
|
Batting: RHB Carl Curry
|
0-0: Foul Ball, location: 2F 0-1: Swinging Strike 0-2: Ball 1-2: Foul Ball, location: 2F 1-2: Ball 2-2: Ball 3-2: Strikes out swinging
|
Batting: RHB Bert Larson
|
0-0: Ball 1-0: Ball 2-0: Foul Ball, location: 2F 2-1: Ball 3-1: Foul Ball, location: 2F 3-2: Strikes out looking
|
Batting: LHB Marvin MacGruder
|
0-0: Ball 1-0: Fly out, F9 (Flyball, 9S)
|
Top of the 1st over - 0 run(s), 0 hit(s), 0 error(s), 0 left on base; Virginia 0 - Tennessee 0 |
BOTTOM OF THE 1ST |
Tennessee Volunteers batting - Pitching for Virginia Cavaliers : RHP Michael Waller
|
Pitching: RHP Michael Waller
|
|
Batting: RHB Danny Scott
|
0-0: Ball 1-0: Called Strike 1-1: Ball 2-1: Ball 3-1: Foul Ball, location: 2F 3-2: Fly out, F7 (Flyball, 7S)
|
Batting: RHB Ralph Fitzgerald
|
0-0: Called Strike 0-1: Ball 1-1: Ground out U3 (Groundball, 3)
|
Batting: RHB César García
|
0-0: Called Strike 0-1: SINGLE (Groundball, 6MD)
|
Batting: LHB Alfredo Cantú
|
0-0: Called Strike 0-1: Ball 1-1: Called Strike 1-2: Foul Ball, location: 2F 1-2: Ball 2-2: Foul Ball, location: 2F 2-2: Ground out 4-3 (Groundball, 34)
|
Bottom of the 1st over - 0 run(s), 1 hit(s), 0 error(s), 1 left on base; Virginia 0 - Tennessee 0 |
TOP OF THE 2ND |
Virginia Cavaliers batting - Pitching for Tennessee Volunteers : RHP Brent Shirley
|
Batting: RHB Mark Whiffen
|
0-0: Foul Ball, location: 2F 0-1: Fly out, F9 (Flyball, 9LS)
|
Batting: LHB Jack Davis
|
0-0: Ball 1-0: Ball 2-0: Foul Ball, location: 2F 2-1: Ball 3-1: Fly out, F8 (Flyball, 8RM)
|
Batting: LHB Randy Pérez
|
0-0: Ball 1-0: Ball 2-0: Foul Ball, location: 2F 2-1: Ball 3-1: Base on Balls
|
Batting: LHB António Machado
|
0-0: Called Strike 0-1: Ball 1-1: Ball 2-1: Foul Ball, location: 2F 2-2: Strikes out looking
|
Top of the 2nd over - 0 run(s), 0 hit(s), 0 error(s), 1 left on base; Virginia 0 - Tennessee 0 |
BOTTOM OF THE 2ND |
Tennessee Volunteers batting - Pitching for Virginia Cavaliers : RHP Michael Waller
|
Batting: RHB José Torres
|
0-0: Ball 1-0: Called Strike 1-1: Ball 2-1: Swinging Strike 2-2: Foul Ball, location: 2F 2-2: Ball 3-2: SINGLE (Groundball, 56D)
|
Batting: SHB Jared Calhoun
|
0-0: Fly out, F5 (Popup, 5S)
|
Batting: RHB Gary Washington
|
0-0: Ball José Torres is caught stealing 2nd base 1-0: Swinging Strike 1-1: Fly out, F8 (Flyball, 8RM)
|
Bottom of the 2nd over - 0 run(s), 1 hit(s), 0 error(s), 0 left on base; Virginia 0 - Tennessee 0 |
TOP OF THE 3RD |
Virginia Cavaliers batting - Pitching for Tennessee Volunteers : RHP Brent Shirley
|
Batting: RHB Nick Stephenson
|
0-0: Ball 1-0: Called Strike 1-1: Called Strike 1-2: Fly out, F9 (Flyball, 89M)
|
Batting: LHB Brett Anderson
|
0-0: Ball 1-0: SINGLE (Line Drive, 8LS)
|
Batting: RHB Carl Curry
|
0-0: Ball 1-0: Foul Ball, location: 2F 1-1: Swinging Strike 1-2: Ball 2-2: Strikes out swinging
|
Batting: RHB Bert Larson
|
0-0: Called Strike 0-1: Swinging Strike 0-2: Ball 1-2: Foul Ball, location: 2F 1-2: Foul Ball, location: 2F 1-2: Ball 2-2: Ball 3-2: Fly out, F5 (Line Drive, 56)
|
Top of the 3rd over - 0 run(s), 1 hit(s), 0 error(s), 1 left on base; Virginia 0 - Tennessee 0 |
BOTTOM OF THE 3RD |
Tennessee Volunteers batting - Pitching for Virginia Cavaliers : RHP Michael Waller
|
Batting: RHB Chris Harper
|
0-0: Called Strike 0-1: Ball 1-1: DOUBLE (Line Drive, 7LM)
|
Batting: RHB Lorne McClain
|
0-0: Called Strike 0-1: Ground out 6-3 (Groundball, 6) Chris Harper to third
|
Batting: RHB Danny Scott
|
0-0: SINGLE (Line Drive, 8RS) Chris Harper scores
|
Batting: RHB Ralph Fitzgerald
|
0-0: Fly out, F5 (Line Drive, 56)
|
Batting: RHB César García
|
0-0: Ball 1-0: Ball Danny Scott steals 2nd base 2-0: Ball 3-0: Base on Balls
|
Batting: LHB Alfredo Cantú
|
0-0: Ball 1-0: Fly out, F7 (Flyball, 78M)
|
Bottom of the 3rd over - 1 run(s), 2 hit(s), 0 error(s), 2 left on base; Virginia 0 - Tennessee 1 |
TOP OF THE 4TH |
Virginia Cavaliers batting - Pitching for Tennessee Volunteers : RHP Brent Shirley
|
Batting: LHB Marvin MacGruder
|
0-0: Called Strike 0-1: Ball 1-1: Swinging Strike 1-2: Strikes out swinging
|
Batting: RHB Mark Whiffen
|
0-0: Ground out 6-3 (Groundball, 6)
|
Batting: LHB Jack Davis
|
0-0: Called Strike 0-1: Called Strike 0-2: Ground out 5-3 (Groundball, 56)
|
Top of the 4th over - 0 run(s), 0 hit(s), 0 error(s), 0 left on base; Virginia 0 - Tennessee 1 |
BOTTOM OF THE 4TH |
Tennessee Volunteers batting - Pitching for Virginia Cavaliers : RHP Michael Waller
|
Batting: RHB José Torres
|
0-0: Called Strike 0-1: Ball 1-1: Ball 2-1: Swinging Strike 2-2: Fly out, F7 (Flyball, 78S)
|
Batting: SHB Jared Calhoun
|
0-0: Swinging Strike 0-1: Ground out 3-1 (Groundball, 3S)
|
Batting: RHB Gary Washington
|
0-0: Foul Ball, location: 2F 0-1: Ground out 6-3 (Groundball, 6)
|
Bottom of the 4th over - 0 run(s), 0 hit(s), 0 error(s), 0 left on base; Virginia 0 - Tennessee 1 |
TOP OF THE 5TH |
Virginia Cavaliers batting - Pitching for Tennessee Volunteers : RHP Brent Shirley
|
Batting: LHB Randy Pérez
|
0-0: Called Strike 0-1: Called Strike 0-2: Foul Ball, location: 2F 0-2: Ball 1-2: Ball 2-2: Strikes out looking
|
Batting: LHB António Machado
|
0-0: Called Strike 0-1: Ball 1-1: Swinging Strike 1-2: Strikes out swinging
|
Batting: RHB Nick Stephenson
|
0-0: Ball 1-0: Called Strike 1-1: SINGLE (Line Drive, 6D)
|
Batting: LHB Brett Anderson
|
0-0: Ball 1-0: Foul Ball, location: 2F 1-1: Fly out, F7 (Flyball, 7LM)
|
Top of the 5th over - 0 run(s), 1 hit(s), 0 error(s), 1 left on base; Virginia 0 - Tennessee 1 |
BOTTOM OF THE 5TH |
Tennessee Volunteers batting - Pitching for Virginia Cavaliers : RHP Michael Waller
|
Batting: RHB Chris Harper
|
0-0: SINGLE (Line Drive, 56D)
|
Batting: RHB Lorne McClain
|
0-0: Ball 1-0: Fly out, F5 (Line Drive, 5)
|
Batting: RHB Danny Scott
|
0-0: Ball Chris Harper steals 2nd base 1-0: Called Strike 1-1: Ball 2-1: Foul Ball, location: 2F 2-2: Foul Ball, location: 2F 2-2: Ball 3-2: Foul Ball, location: 2F 3-2: Fly out, F3 (Popup, 3L)
|
Batting: RHB Ralph Fitzgerald
|
0-0: Ground out 5-3 (Groundball, 56)
|
Bottom of the 5th over - 0 run(s), 1 hit(s), 0 error(s), 1 left on base; Virginia 0 - Tennessee 1 |
TOP OF THE 6TH |
Virginia Cavaliers batting - Pitching for Tennessee Volunteers : RHP Brent Shirley
|
Batting: RHB Carl Curry
|
0-0: Ball 1-0: Ball 2-0: Ball 3-0: Base on Balls
|
Batting: RHB Bert Larson
|
0-0: Ball 1-0: Fly out, F4 (Flyball, 4D)
|
Pitching: RHP Daryl Sharp
|
|
Batting: LHB Marvin MacGruder
|
0-0: Called Strike 0-1: Ball Carl Curry steals 2nd base 1-1: Swinging Strike 1-2: Foul Ball, location: 2F 1-2: Strikes out swinging
|
Batting: RHB Mark Whiffen
|
0-0: Ball 1-0: Ball 2-0: Ball 3-0: Base on Balls
|
Batting: LHB Jack Davis
|
0-0: Called Strike 0-1: Swinging Strike 0-2: Ball 1-2: Strikes out swinging
|
Top of the 6th over - 0 run(s), 0 hit(s), 0 error(s), 2 left on base; Virginia 0 - Tennessee 1 |
BOTTOM OF THE 6TH |
Tennessee Volunteers batting - Pitching for Virginia Cavaliers : RHP Michael Waller
|
Batting: RHB César García
|
0-0: Ball 1-0: Ball 2-0: Ball 3-0: Called Strike 3-1: Base on Balls
|
Batting: LHB Alfredo Cantú
|
0-0: Ball 1-0: Ball 2-0: Called Strike 2-1: Called Strike 2-2: Ground out 5-3 (Groundball, 56S) César García to second
|
Batting: RHB José Torres
|
0-0: Intentional Walk
|
Batting: SHB Jared Calhoun
|
0-0: Swinging Strike 0-1: Ball 1-1: Ball 2-1: Ball 3-1: Swinging Strike 3-2: SINGLE (Flyball, 8LS) César García to third José Torres to second Runner from 3rd tries for Home, SAFE, no throw
|
Pitching: RHP Roland Collins
|
|
Batting: RHB Gary Washington
|
0-0: Ball 1-0: Ball 2-0: Ball 3-0: Called Strike 3-1: Swinging Strike 3-2: Base on Balls José Torres to third Jared Calhoun to second
|
Batting: RHB Chris Harper
|
0-0: Swinging Strike 0-1: SINGLE (Groundball, 6MD) José Torres scores Jared Calhoun to third Gary Washington to second Runner from 3rd tries for Home, SAFE, throw made home Gary Washington to third Chris Harper to second
|
Batting: RHB Lorne McClain
|
0-0: Ball 1-0: SINGLE (Flyball, 6MD) Gary Washington scores Chris Harper to third Runner from 3rd tries for Home, SAFE, no throw
|
Batting: RHB Danny Scott
|
0-0: Fly out, F6 (Flyball, 6D)
|
Batting: RHB Ralph Fitzgerald
|
0-0: Called Strike 0-1: Called Strike 0-2: Strikes out swinging
|
Bottom of the 6th over - 5 run(s), 3 hit(s), 0 error(s), 1 left on base; Virginia 0 - Tennessee 6 |
TOP OF THE 7TH |
Virginia Cavaliers batting - Pitching for Tennessee Volunteers : RHP Daryl Sharp
|
Batting: LHB Randy Pérez
|
0-0: Ball 1-0: Fly out, F7 (Flyball, 78M)
|
Batting: LHB António Machado
|
0-0: Called Strike 0-1: Foul Ball, location: 2F 0-2: Ball 1-2: Ground out 3-1 (Groundball, 34)
|
Batting: RHB Nick Stephenson
|
0-0: Ball 1-0: Ball 2-0: Called Strike 2-1: Called Strike 2-2: Foul Ball, location: 2F 2-2: Ball 3-2: Strikes out swinging
|
Top of the 7th over - 0 run(s), 0 hit(s), 0 error(s), 0 left on base; Virginia 0 - Tennessee 6 |
BOTTOM OF THE 7TH |
Tennessee Volunteers batting - Pitching for Virginia Cavaliers : RHP Roland Collins
|
Batting: RHB César García
|
0-0: Ball 1-0: TRIPLE (Flyball, 8LD)
|
Batting: LHB Alfredo Cantú
|
0-0: Ball 1-0: Called Strike 1-1: Ball 2-1: Ground out 4-3 (Groundball, 34D) César García scores
|
Pitching: LHP Allen Martin
|
|
Batting: RHB José Torres
|
0-0: Ball 1-0: Ball 2-0: Ball 3-0: Base on Balls
|
Batting: SHB Jared Calhoun
|
0-0: Ball 1-0: Foul Ball, location: 2F 1-1: Fly out, F9 (Flyball, 9S)
|
Batting: RHB Gary Washington
|
0-0: Swinging Strike 0-1: Called Strike 0-2: Strikes out swinging
|
Bottom of the 7th over - 1 run(s), 1 hit(s), 0 error(s), 1 left on base; Virginia 0 - Tennessee 7 |
TOP OF THE 8TH |
Virginia Cavaliers batting - Pitching for Tennessee Volunteers : RHP Daryl Sharp
|
Batting: LHB Brett Anderson
|
0-0: Ball 1-0: Swinging Strike 1-1: Swinging Strike 1-2: Strikes out looking
|
Batting: RHB Carl Curry
|
0-0: Ball 1-0: Swinging Strike 1-1: Swinging Strike 1-2: Ball 2-2: Foul Ball, location: 2F 2-2: Foul Ball, location: 2F 2-2: Ball 3-2: Foul Ball, location: 2F 3-2: Base on Balls
|
Batting: RHB Bert Larson
|
0-0: Foul Ball, location: 2F 0-1: Grounds into double play, 5-4-3 (Groundball, 56)
|
Top of the 8th over - 0 run(s), 0 hit(s), 0 error(s), 0 left on base; Virginia 0 - Tennessee 7 |
BOTTOM OF THE 8TH |
Tennessee Volunteers batting - Pitching for Virginia Cavaliers : LHP Allen Martin
|
Batting: RHB Chris Harper
|
0-0: Ball 1-0: Ball 2-0: Ball 3-0: Foul Ball, location: 2F 3-1: Foul Ball, location: 2F 3-2: Base on Balls
|
Batting: RHB Lorne McClain
|
0-0: Ball 1-0: SINGLE (Groundball, 34D) Chris Harper to second Runner from 2nd tries for 3rd, SAFE, no throw
|
Batting: RHB Danny Scott
|
0-0: Foul Ball, location: 2F 0-1: Called Strike 0-2: Ball 1-2: Ball 2-2: Ball 3-2: Base on Balls Lorne McClain to second
|
Batting: RHB Ralph Fitzgerald
|
0-0: Ball 1-0: Called Strike 1-1: GRAND SLAM HOME RUN (Flyball, 7D), Distance : 344 ft
|
Pitching: RHP Dave Moran
|
|
Batting: RHB César García
|
0-0: SINGLE (Line Drive, 4M)
|
Batting: LHB Alfredo Cantú
|
0-0: Ball César García is caught stealing 2nd base 1-0: Fly out, F9 (Flyball, 9LMF)
|
Batting: RHB José Torres
|
0-0: Foul Ball, location: 2F 0-1: Swinging Strike 0-2: Ball 1-2: Ball 2-2: Ball 3-2: Foul Ball, location: 2F 3-2: Foul Ball, location: 2F 3-2: Foul Ball, location: 2F 3-2: Foul Ball, location: 2F 3-2: Foul Ball, location: 2F 3-2: Base on Balls
|
Batting: SHB Jared Calhoun
|
0-0: Ball 1-0: Ball 2-0: Foul Ball, location: 2F 2-1: Called Strike 2-2: Fly out, F7 (Flyball, 7S)
|
Bottom of the 8th over - 4 run(s), 3 hit(s), 0 error(s), 1 left on base; Virginia 0 - Tennessee 11 |
TOP OF THE 9TH |
Virginia Cavaliers batting - Pitching for Tennessee Volunteers : RHP Daryl Sharp
|
Batting: LHB Marvin MacGruder
|
0-0: Called Strike 0-1: Swinging Strike 0-2: Ball 1-2: Foul Ball, location: 2F 1-2: Fly out, F8 (Flyball, 8LS)
|
Batting: RHB Mark Whiffen
|
0-0: Ball 1-0: Swinging Strike 1-1: Ground out 5-3 (Groundball, 56)
|
Batting: LHB Jack Davis
|
0-0: DOUBLE (Flyball, 7)
|
Batting: LHB Randy Pérez
|
0-0: Ball 1-0: Called Strike 1-1: Foul Ball, location: 2F 1-2: SINGLE (Line Drive, 6D) Jack Davis to third Runner from 3rd tries for Home, throw and OUT!
|
Top of the 9th over - 0 run(s), 2 hit(s), 0 error(s), 1 left on base; Virginia 0 - Tennessee 11 |
|